Map: Orbital Shipyard (3.0.5 Balance v1.0)

Players

rxrxYUKI - Winner!

  • Race: Protoss Protoss

Player 2

  • Race: Zerg Zerg

VOD

Have the link to the VOD?

Description

Time

  • Played on: Dec. 19, 2015, 8:36 a.m.
  • Length: 10:26
Show
View Real Time Build Order
Export as new Build Order

rxrxYUKI Protoss - Winner!

Build Orders: Mass Adepts 

Get SALT Encoding   

  12  0:04  Probe (Chrono Boost)  
  13  0:15  Probe (Chrono Boost)  
  13  0:20  Pylon  
  14  0:25  Probe (Chrono Boost)  
  15  0:39  Gateway  
  15  0:41  Probe (Chrono Boost)  
  16  0:51  Probe (Chrono Boost)  
  16  0:56  Gateway  
  17  1:08  Assimilator  
  17  1:13  Assimilator  
  17  1:28  Cybernetics Core  
  17  1:38  Probe (Chrono Boost)  
  18  1:50  Probe (Chrono Boost)  
  19  2:03  Probe (Chrono Boost)  
  19  2:05  Adept, Pylon  
  22  2:23  Adept  
  22  2:27  Gateway x2  
  24  2:43  Adept  
  26  2:48  Warp Gate  
  26  3:01  Adept  
  28  3:27  Adept  
  28  3:32  Pylon  
  30  3:50  Adept x2  
  34  4:08  Gateway  
  34  4:16  Adept x2  
  38  4:30  Pylon  
  38  4:31  Pylon  
  38  4:48  Adept x2  
  42  5:46  Stalker x2  
  42  5:47  Stalker x2  
  42  5:48  Stalker  
  50  6:42  Stalker x2  
  54  6:50  Pylon x2  
  54  6:52  Pylon  
  44  7:06  Stalker  
  44  7:07  Stalker  
  44  7:08  Stalker  
  48  7:09  Stalker x2  
  30  7:41  Stalker  
  30  7:42  Stalker  
  30  7:43  Stalker  
  30  7:44  Stalker  
  30  8:14  Stalker  
  30  8:15  Stalker x3  
  30  8:16  Stalker  
  40  9:18  Stalker  
  40  9:19  Stalker x2  
  40  9:20  Stalker  
  40  9:21  Stalker  
  50  9:59  Stalker  
  52  10:00  Stalker x2  
  52  10:01  Stalker  
Show
View Real Time Build Order
Export as new Build Order

Player 2 Zerg 

Build Orders: Hatch First 

Get SALT Encoding   

  12  0:00  Drone  
  13  0:12  Overlord  
  13  0:17  Drone  
  14  0:30  Drone  
  14  0:34  Drone  
  16  0:49  Hatchery  
  15  0:52  Drone  
  16  1:09  Spawning Pool  
  16  1:11  Extractor  
  14  1:13  Drone  
  14  1:17  Drone  
  16  1:24  Overlord  
  16  1:56  Zergling x2  
  16  1:57  Zergling x2  
  16  1:59  Roach Warren, Queen  
  16  2:01  Drone  
  20  2:02  Extractor  
  20  2:07  Drone  
  20  2:26  Drone  
  21  2:30  Drone  
  21  2:34  Drone  
  23  2:38  Drone  
  23  2:39  Roach  
  23  2:42  Roach  
  23  2:43  Drone  
  29  2:49  Drone  
  30  2:54  Overlord  
  30  3:05  Lair  
  30  3:27  Zergling x2  
  31  3:40  Drone, Extractor  
  31  3:42  Zergling x2  
  31  3:45  Drone  
  33  3:49  Drone  
  33  3:53  Drone  
  35  3:58  Overlord  
  35  4:02  Drone  
  36  4:04  Spire  
  36  4:06  Drone  
  36  4:10  Drone  
  36  4:15  Drone, Zergling x2  
  39  4:19  Drone  
  39  4:23  Drone  
  41  4:28  Drone, Overlord  
  42  4:33  Drone  
  42  4:37  Drone  
  44  4:41  Drone, Zergling x2  
  46  4:45  Drone  
  46  4:50  Drone  
  48  4:54  Drone  
  48  4:55  Overlord  
  48  4:56  Zergling x2  
  50  5:03  Drone  
  51  5:07  Drone  
  51  5:11  Overseer  
  51  5:13  Drone  
  53  5:16  Mutalisk  
  53  5:17  Overlord, Drone  
  56  5:21  Drone, Overseer  
  56  5:26  Drone  
  58  5:30  Drone  
  58  5:35  Drone  
  60  5:38  Mutalisk  
  62  5:44  Drone  
  62  5:46  Overlord  
  62  5:48  Drone  
  64  5:53  Drone, Mutalisk  
  67  5:57  Drone  
  67  6:01  Drone  
  69  6:08  Mutalisk  
  69  6:10  Extractor  
  70  6:12  Drone  
  71  6:36  Zergling x2  
  68  6:46  Overlord  
  66  6:51  Roach  
  64  7:05  Roach  
  66  7:12  Overseer  
  66  7:17  Spire  
  66  7:18  Overlord  
  66  7:19  Drone  
  64  7:33  Spawning Pool  
  57  7:43  Drone  
  52  8:05  Overseer  
  52  8:13  Overlord  
  52  8:21  Zergling x2  
  53  8:28  Overseer  
  53  8:32  Overlord  
  53  8:35  Roach  
  52  8:49  Roach  
  52  8:50  Overlord, Overseer  
  47  9:04  Roach  
  47  9:06  Drone  
  47  9:09  Overlord  
  44  9:10  Drone  
  44  9:15  Drone  
  43  9:18  Roach  
  43  9:19  Drone  
  43  9:24  Drone  
  43  9:28  Drone  
  42  9:32  Drone, Roach  
  42  9:34  Overlord  
  42  9:37  Drone  
  45  9:41  Drone  
  41  9:47  Roach  
  43  9:59  Hatchery, Overlord, Drone  
  38  10:01  Roach  
  38  10:03  Drone  
Tags
 
Add a new tag
Caveats
  • Supply blocks, unpowered buildings, or Contaminate may cause inaccurate times.
  • Supply counts are checked every 10 seconds.